 Dungeon Crawl Stone Soup version 0.29.0 (webtiles) character file.

Game seed: 5390409464174462844

932 jagoly the Insei (level 8, -9/52 HPs)
             Began as an Octopode Transmuter on Sept 11, 2022.
             Was an Initiate of Elyvilon.
             Mangled by an ogre
             ... wielding a +0 giant club
              (31 damage)
             ... on level 5 of the Dungeon.
             The game lasted 00:17:55 (5036 turns).

jagoly the Insei (Octopode Transmuter)              Turns: 5036, Time: 00:17:55

Health: -9/52      AC:  2    Str: 10    XL:     8   Next: 11%
Magic:  4/13       EV: 21    Int: 17    God:    Elyvilon [......]
Gold:   295        SH:  0    Dex: 17    Spells: 3/13 levels left

rFire   + . .      SeeInvis .     - Unarmed
rCold   . . .      Faith    .   (shield currently unavailable)
rNeg    . . .      Spirit   .   (helmet currently unavailable)
rPois   x          Reflect  .   (no amulet)
rElec   .          Harm     .   g - ring of protection from fire
rCorr   .          Rampage  .   (no ring)
Will    .....                   (no ring)
Stlth   +++.......              (no ring)
HPRegen 0.17/turn               (no ring)
MPRegen 0.13/turn               (no ring)
                                (no ring)
                                (no ring)

@: lethally poisoned (-9 -> -12), spider-form
A: venomous fangs, almost no armour, (amphibious), 8 rings, tiny, (camouflage
1), (gelatinous body 1), (nimble swimmer 1), (tentacles)
a: End Transformation, Renounce Religion


You were on level 5 of the Dungeon.
You worshipped Elyvilon.
Elyvilon was noncommittal.
You were a venomous arachnid creature.
You visited 2 branches of the dungeon, and saw 6 of its levels.

You collected 295 gold pieces.

Inventory:

Hand Weapons
 z - a +2 dagger of draining
Missiles
 b - 8 poisoned darts
 d - a throwing net
 i - 26 stones
Armour
 c - a +0 kite shield
Jewellery
 g - a ring of protection from fire (left front leg)
 m - a ring of fire
Scrolls
 a - 2 scrolls of torment {unknown}
 h - 4 scrolls of enchant armour
 o - 2 scrolls of fear {unknown}
 p - a scroll of poison {unknown}
 q - 2 scrolls of immolation
 r - a scroll of vulnerability {unknown}
 s - a scroll of teleportation {unknown}
Potions
 e - a potion of berserk rage
 f - a potion of magic {unknown}
 j - a potion of lignification
 k - 2 potions of cancellation
 l - 2 potions of curing
 n - a potion of haste {unknown}


   Skills:
 + Level 3.0 Fighting
 + Level 3.6 Dodging
 + Level 4.0 Stealth
 + Level 4.3 Unarmed Combat
 + Level 3.4 Spellcasting
 * Level 3.9 Transmutations
 * Level 3.8 Ice Magic
 - Level 2.0 Poison Magic


You had 3 spell levels left.
You knew the following spells:

 Your Spells              Type           Power      Damage    Failure   Level
A - Beastly Appendage     Tmut           32%        N/A       11%         1
O - Ice Form              Ice/Tmut       15%        N/A       56%         4
P - Spider Form           Tmut/Pois      12%        N/A       34%         3
W - Wereblood             Tmut           16%        N/A       14%         2

Your spell library contained the following spells:

 Spells                   Type           Power      Damage    Failure   Level
 Magic Dart               Conj           8%         1d3       36%         1
 Searing Ray              Conj           4%         2d4       47%         2
 Fulminant Prism          Conj/Hex       1%         3d6       95%         4


Dungeon Overview and Level Annotations

Branches:
Dungeon (5/15) Zot: 25086  Temple (1/1) D:4 Zot: 5874

Altars:
Ashenzari
Cheibriados
Elyvilon
Gozag
Kikubaaqudgha
Makhleb
Nemelex Xobeh
Qazlal
Ru
Sif Muna
Trog
Vehumet
Wu Jian
Xom
Yredelemnul
Zin
The Shining One

Annotations:
D:3 exclusion: sky beast
D:4 exclusion: 2 lemures, Pikel


Innate Abilities, Weirdness & Mutations

You are a venomous arachnid creature.
You have poisonous fangs.
You are tiny and dextrous.
Your spellcasting is less reliable in this form.
Your armour is entirely melded.
You are incapable of wielding weapons or throwing items.
You cannot wear most types of armour.
((You are amphibious.))
You can wear up to eight rings at the same time.
((Your skin changes colour to match your surroundings (Stealth+).))
((Your rubbery body absorbs attacks. (AC +1, EV +1)))
((You are camouflaged when in or above water. (Stealth+)))
((You have tentacles for arms and can constrict up to eight enemies at once.))


Message History

The necrophage is severely damaged.
You hit the necrophage.
The necrophage is almost destroyed.
The necrophage barely misses you.
You hit the necrophage.
You destroy the necrophage!
Your Fighting skill increases to level 3!
You have reached level 8!
You hit the adder but do no damage.
The adder is poisoned.
The adder bites you.
You are poisoned.
The adder poisons you! The adder closely misses you.
Unknown command.
You hit the adder.
The adder looks as sick as possible!
The adder is severely wounded.
You feel very sick.
You kill the adder!
Your life force feels restored.
Unknown command.
You hit the scorpion but do no damage.
The scorpion is poisoned.
You feel sick. The scorpion completely misses you.
An orc comes into view. It is wielding a +0 dagger.
The scorpion misses you.
Unknown command.
The orc shouts!
You hit the scorpion but do no damage.
The scorpion looks as sick as possible!
The scorpion is moderately wounded.
You feel sick. The scorpion barely misses you.
Unknown command.
You hit the scorpion but do no damage.
The scorpion looks as sick as possible!
The scorpion is severely wounded.
You feel sick.
You kill the scorpion!
Your Stealth skill increases to level 4!
Unknown command.
You bite the ogre!
The ogre is poisoned.
The ogre is moderately wounded.
You feel sick.
The ogre hits you with a +0 giant club!!
Ouch! That really hurt!
You die...

#####..........S....#.# #.#
...................#..# #.#
#####[...............## #.#
###...###........O.######.####
.......#...######†##.........#
....)........#.....#.........#
#####......o[......>.........#
....##........####...........###.
≈~~..#..........sO..............
≈≈~~.#.....###.####...........##
~~~..#.....# #.# ##..........#
....##...... #####.........##
#####........ ..............#
.......#...$[..#####.........#
#...####. ... ...........)####
#...####..... ............#
...|..†...... ................).


You could see an ogre (very poisoned) and an orc.

Vanquished Creatures
  A black bear (D:4)
  2 phantoms (D:5)
  A bullfrog (D:5)
  2 scorpions (D:5)
  2 necrophages (D:5)
  A hound (D:5)
  A jelly (D:5)
  An orc priest (D:3)
  Natasha (D:4)
  An iguana (D:5)
  2 orc wizards (D:3)
  7 gnolls (D:5)
  6 adders
  A white imp (D:5)
  A worm (D:2)
  4 dart slugs
  4 orcs
  4 endoplasms
  4 giant cockroaches
  3 hobgoblins
  2 jackals (D:2)
  5 quokkas
  5 ball pythons
  3 bats
  6 frilled lizards
  6 goblins
  7 kobolds
  5 rats
88 creatures vanquished.

Notes
Turn   | Place    | Note
-------+----------+-------------------------------------------
     0 | D:1      | jagoly the Octopode Transmuter began the quest for the Orb.
     0 | D:1      | Reached XP level 1. HP: 13/13 MP: 3/3
   110 | D:1      | Reached XP level 2. HP: 8/18 MP: 3/5
   273 | D:1      | Learned a level 2 spell: Wereblood
   313 | D:1      | Reached skill level 1 in Poison Magic
   582 | D:1      | Found a faded altar of an unknown god.
   713 | D:1      | Reached skill level 1 in Stealth
   932 | D:1      | Reached XP level 3. HP: 19/23 MP: 4/6
   985 | D:1      | Learned a level 3 spell: Spider Form
  1492 | D:2      | Reached XP level 4. HP: 22/27 MP: 5/7
  2453 | D:3      | Reached skill level 1 in Ice Magic
  2453 | D:3      | Reached XP level 5. HP: 22/34 MP: 2/8
  2975 | D:3      | Found a sacrificial altar of Ru.
  2995 | D:3      | Noticed a sky beast
  3196 | D:4      | Noticed a black bear
  3206 | D:4      | Killed a black bear
  3207 | D:4      | Reached XP level 6. HP: 39/39 MP: 3/10
  3258 | D:4      | Noticed Pikel
  3508 | D:4      | Found a staircase to the Ecumenical Temple.
  3519 | Temple   | Entered the Ecumenical Temple
  3630 | Temple   | Became a worshipper of Elyvilon the Healer
  4001 | D:4      | Noticed Natasha
  4011 | D:4      | Killed Natasha
  4260 | D:5      | Entered Level 5 of the Dungeon
  4599 | D:5      | Reached XP level 7. HP: 41/45 MP: 7/11
  4806 | D:5      | Learned a level 4 spell: Ice Form
  5031 | D:5      | Reached XP level 8. HP: 31/51 MP: 3/13
  5036 | D:5      | Mangled by an ogre

Illustrated notes

Levels and vault maps discovered:
D:1:      ncdulo_wetmaze, layout_basic, ebering_ecumenical_altar_mist
D:2:      layout_loops_corners, minmay_bisected
D:3:      layout_loops_ring, mainiacjoe_overflow_alcove_4
D:4:      layout_gridville, temple_hall, uniq_pikel, uniq_natasha
D:5:      layout_rooms, minmay_fire_ice_demons
Temple:   nicolae_temple_superstar

Skill      XL: |  1  2  3  4  5  6  7  8 |
---------------+-------------------------+-----
Poison Magic   | 1 2 |  2.0
Stealth        | 1 2 3 4 |  4.0
Ice Magic      | 1 2 3 |  3.8
Fighting       | 2 3 |  3.0
Dodging        | 3 |  3.6
Transmutations | 3 |  3.9
Spellcasting   | 3 |  3.4
Unarmed Combat | 4 |  4.3

Action                   |  1- 3 |  4- 6 |  7- 9 || total
-------------------------+-------+-------+-------++-------
Melee: Unarmed           |    63 |    81 |    60 ||   204
       Constrict         |    16 |    21 |     1 ||    38
       Kick              |    16 |    19 |     2 ||    37
       Tentacles         |     9 |     8 |     1 ||    18
       Punch             |     1 |     5 |       ||     6
       Dagger            |       |    31 |       ||    31
 Cast: Beastly Appendage |    22 |    13 |     1 ||    36
       Wereblood         |     4 |     5 |     4 ||    13
       Spider Form       |       |     5 |     5 ||    10
  Use: Scroll            |       |     5 |       ||     5
       Potion            |       |     1 |     1 ||     2
 Stab: Sleeping          |     5 |    11 |       ||    16
Armor: Skin              |     9 |     1 |       ||    10
Dodge: Dodged            |    21 |    91 |    40 ||   152
